[Event "Live Chess"]
[Site "Chess.com"]
[Date "2024.06.01"]
[Round "-"]
[White "gmnorfolk"]
[Black "bobby_jamesFischer86"]
[Result "0-1"]
[WhiteElo "2077"]
[BlackElo "1618"]
[TimeControl "300"]
[EndTime "11:41:00 PDT"]
[Termination "bobby_jamesFischer86 won by resignation"]

1. c4 c5 2. Nc3 Nc6 3. Nf3 b6 4. d4 cxd4 5. Nxd4 Bb7 6. e4 e6 7. Be3 Nf6 8. f3 d6 9. Qd2 Be7 10. O-O-O Nxd4 11. Bxd4 O-O 12. g4 Rc8 13. g5 Nd7 14. h4 Ne5 15. Qf2 Nxc4 16. Bxc4 Rxc4 17. Rdg1 d5 18. exd5 Bxd5 19. g6 fxg6 20. h5 Bxf3 21. hxg6 h6 22. Qe3 Bxh1 23. Qxe6+ Kh8 24. Be5 Bg5+ 25.
Kb1 Qd3+ 26. Ka1 Rf1+ 27. Rxf1 Qxf1+ 28. Nb1 Qxb1+ 29. Kxb1 Be4+ 0-1

[Event "Live Chess"]
[Site "Chess.com"]
[Date "2024.06.01"]
[Round "-"]
[White "Nazarenko_vital"]
[Black "hisaveliy"]
[Result "1-0"]
[WhiteElo "1472"]
[BlackElo "633"]
[TimeControl "300"]
[EndTime "11:41:13 PDT"]
[Termination "Nazarenko_vital won by checkmate"]

1. e4 d6 2. d4 Nf6 3. Bd3 g6 4. Nc3 Bg7 5. h4 O-O 6. h5 Nxh5 7. Be2 Nf6 8. Bg5 Nc6 9. Nf3 e5 10. d5 Nd4 11. Nxd4 exd4 12. Qxd4 Qe8 13. Bxf6 Bxf6 14. Qxf6 Qe5 15. Qh4 Bd7 16. Qxh7# 1-0

[Event "Live Chess"]
[Site "Chess.com"]
[Date "2024.06.01"]
[Round "-"]
[White "WilliamofOrange16th"]
[Black "KeithArkell"]
[Result "1/2-1/2"]
[WhiteElo "1973"]
[BlackElo "2496"]
[TimeControl "300"]
[EndTime "11:41:20 PDT"]
[Termination "Game drawn by agreement"]

1. e4 c6 2. d4 d5 3. exd5 cxd5 4. Bd3 Nc6 5. c3 Nf6 6. Nf3 Bg4 7. h3 Bxf3 8. Qxf3 e6 9. O-O Be7 10. Bg5 O-O 11.
Nd2 g6 12. Rae1 Ne4 13. Bh6 Nxd2 14. Bxd2 Bg5 15. Bxg5 Qxg5 16. Qe3 Qxe3 17. Rxe3 Rab8 18. a4 a6 19. b4 Rfc8 20. Be2 a5 21. b5 Na7 22.
Rc1 b6 23. c4 dxc4 24. Rxc4 Rxc4 25. Bxc4 Rd8 26. Rd3 Nc8 27. d5 e5 28. Bb3 Nd6 29. Rc3 Rc8 30. Rc6 Rxc6 31. dxc6 Kf8 32. Kf1 Ke7 33.
Ke2 Nf5 34. Kd3 f6 35. g3 Kd6 36. Bg8 h6 37. Bf7 g5 38. Bg6 Ne7 39. Be4 f5 40.
Bg2 h5 41. Kc4 g4 42. h4 Ng8 43. Bf1 Nf6 44. Bd3 f4 45. Bf5 fxg3 46. fxg3 Nd5 47. Bg6 Ne3+ 48. Kd3 Nf1 49. Bxh5 e4+ 50. Kxe4 Nxg3+ 51. Kf4 Nxh5+ 52. Kxg4 Nf6+ 53. Kf5 1/2-1/2

[Event "Live Chess"]
[Site "Chess.com"]
[Date "2024.06.01"]
[Round "-"]
[White "JohanKjeldahl"]
[Black "jimwad"]
[Result "1-0"]
[WhiteElo "1812"]
[BlackElo "1245"]
[TimeControl "300"]
[EndTime "11:41:40 PDT"]
[Termination "JohanKjeldahl won by resignation"]

1. e4 e5 2. Nf3 Nc6 3. d4 exd4 4. c3 Bc5 5. cxd4 Bb4+ 6. Nc3 Bxc3+ 7. bxc3 Nge7 8.
Bc4 O-O 9. O-O d6 10. Bg5 Bg4 11. h3 Bh5 12. Qd3 Bg6 13. Nh4 Kh8 14. f4 f6 15. Nxg6+ Nxg6 16. f5 Nge7 17. Bf4 Na5 18. Be6 c6 19. Rab1 b5 20. Qg3 Nb7 21. Rf3 d5 22. e5 Ng8 23. Qg4 fxe5 24. Rg3 Qe7 25. dxe5 Nd8 26. f6 Nxf6 27. exf6 Qxf6 28. Re1 a5 29. Be5 1-0

[Event "Live Chess"]
[Site "Chess.com"]
[Date "2024.06.01"]
[Round "-"]
[White "elephantgerrald"]
[Black "sebmoran1"]
[Result "0-1"]
[WhiteElo "753"]
[BlackElo "1473"]
[TimeControl "300"]
[EndTime "11:41:57 PDT"]
[Termination "sebmoran1 won by checkmate"]

1. e4 c5 2. Nf3 Nc6 3. Nc3 e6 4.
Bb5 a6 5. Bxc6 bxc6 6. O-O d5 7. exd5 cxd5 8. Ne5 Nf6 9. Nc6 Qc7 10. Re1 Qxc6 11. d3 Be7 12. Bg5 Bb7 13. Bxf6 Bxf6 14. Qe2 d4 15. Ne4 O-O 16. Nxf6+ gxf6 17. Qg4+ Kh8 18. f3 f5 19. Qh5 Rg8 20. Qxf7 Qxf3 21. Rf1 Qxg2# 0-1

[Event "Live Chess"]
[Site "Chess.com"]
[Date "2024.06.01"]
[Round "-"]
[White "Ferrarifan27"]
[Black "LanceMaster23"]
[Result "0-1"]
[WhiteElo "2049"]
[BlackElo "1821"]
[TimeControl "300"]
[EndTime "11:41:59 PDT"]
[Termination "LanceMaster23 won by resignation"]

1. e4 c6 2. d4 d5 3. e5 c5 4.
dxc5 Nc6 5. a3 Nxe5 6. b4 Nf6 7. Bb2 Ng6 8. Nf3 e6 9. Bb5+ Bd7 10. Bxd7+ Qxd7 11. O-O Be7 12. Re1 O-O 13. Nbd2 a5 14. Qe2 axb4 15.
axb4 b6 16. cxb6 Bxb4 17. Bxf6 gxf6 18. Qe3 Qc6 19. Rxa8 Rxa8 20. Rb1 Bc5 21. Qc3 Bxf2+ 22. Kxf2 Qxc3 23. b7 Rb8 0-1

[Event "Live Chess"]
[Site "Chess.com"]
[Date "2024.06.01"]
[Round "-"]
[White "educatedlad"]
[Black "MagnersCarlsberg2870"]
[Result "1-0"]
[WhiteElo "1761"]
[BlackElo "1882"]
[TimeControl "300"]
[EndTime "11:42:08 PDT"]
[Termination "educatedlad won by checkmate"]

1. d4 Nf6 2. Nf3 b6 3. Bg5 Bb7 4. Nc3 d5 5. e3 Nbd7 6. Bd3 h6 7.
Bh4 g5 8. Bg3 Ne4 9. Nb5 Nxg3 10. hxg3 c5 11. dxc5 Nxc5 12. Nxg5 Bg7 13. Nxf7 Kxf7 14.
Qf3+ Kg8 15. Bg6 Qf8 16. Qh5 a6 17. Nc7 Rc8 18. b4 Rxc7 19. bxc5 Rxc5 20. Rh4 d4 21. Qe2 d3 22. Qxd3 Bxa1 23. Rf4 Bf6 24. e4 Rc3 25.
Qd2 Qc8 26. Bf5 e6 27. Rg4+ Kf7 28. Bg6+ Ke7 29. e5 Bg5 30. Qd6# 1-0

[Event "Live Chess"]
[Site "Chess.com"]
[Date "2024.06.01"]
[Round "-"]
[White "SavagePawn7"]
[Black "Hoogleboogle"]
[Result "0-1"]
[WhiteElo "683"]
[BlackElo "1342"]
[TimeControl "300"]
[EndTime "11:42:10 PDT"]
[Termination "Hoogleboogle won on time"]

1. e4 e5 2. d4 exd4 3. c3 dxc3 4.
Bc4 d6 5. Qb3 Be6 6. Bxe6 fxe6 7. Qxb7 Nd7 8. Nxc3 Ngf6 9. Bg5 Be7 10. Bxf6 Bxf6 11.
Nge2 O-O 12. O-O Nc5 13. Qc6 a6 14. b4 Nd3 15. Qa4 Qb8 16. a3 c5 17. Qc2 c4 18.
Ng3 Qb6 19. Na4 Qd4 20. Rad1 Rfc8 21. Ne2 Qe5 22. f4 Qxe4 23. Nac3 Qf5 24. Nd4 Qg4 25. h3 Qg3 26. Nde2 Qg6 27. g4 d5 28. g5 Be7 29.
h4 Qf5 0-1

[Event "Live Chess"]
[Site "Chess.com"]
[Date "2024.06.01"]
[Round "-"]
[White "CarmelJane"]
[Black "uselessduffer"]
[Result "0-1"]
[WhiteElo "2096"]
[BlackElo "2436"]
[TimeControl "300"]
[EndTime "11:42:10 PDT"]
[Termination "uselessduffer won by checkmate"]

1. e4 g6 2. d4 Bg7 3. Nc3 d6 4. Be3 a6 5. Qd2 b5 6. h4 h5 7. Nh3 Nd7 8. f4 Ngf6 9. Be2 b4 10. Nd1 Nxe4 11. Qxb4 Rb8 12. Qc4 Ng3 13. Ng5 O-O 14.
Rg1 Nb6 15. Qd3 Bf5 16. Qd2 Nxe2 17. Kxe2 e5 18. b3 Nd5 19. dxe5 dxe5 20. c4 Nxf4+ 21. Bxf4 exf4 22. Qxd8 Rbxd8 23. Rc1 Rfe8+ 24. Kf2 Bd4+ 25. Kf1 Bd3# 0-1

[Event "Live Chess"]
[Site "Chess.com"]
[Date "2024.06.01"]
[Round "-"]
[White "koekoekoe"]
[Black "grillage"]
[Result "1-0"]
[WhiteElo "2075"]
[BlackElo "1865"]
[TimeControl "300"]
[EndTime "11:42:10 PDT"]
[Termination "koekoekoe won by resignation"]

1. d4 e6 2. Bf4 Nf6 3. e3 c5 4. c3 cxd4 5. cxd4 Be7 6. Nc3 d6 7.
Nf3 b6 8. h3 Ba6 9. Bxa6 Nxa6 10. Qa4+ Kf8 11. Qxa6 1-0

[Event "Live Chess"]
[Site "Chess.com"]
[Date "2024.06.01"]
[Round "-"]
[White "powerchs"]
[Black "McFim"]
[Result "0-1"]
[WhiteElo "1241"]
[BlackElo "1593"]
[TimeControl "300"]
[EndTime "11:42:28 PDT"]
[Termination "McFim won by resignation"]

1. e4 c6 2. d4 d5 3. Nc3 dxe4 4.
Nxe4 Nd7 5. Bc4 Ngf6 6. Qf3 e6 7.
Ne2 Be7 8. O-O Nxe4 9. Qxe4 Nf6 10. Qf3 h6 11. c3 O-O 12. Bd3 c5 13. dxc5 Bxc5 14. Ng3 e5 15. Ne4 Be7 16. Nxf6+ Bxf6 17. Qe4 g6 18. Bxh6 Re8 19. h4 Bf5 20. Qxb7 Qxd3 21. Rfd1 Qe4 22. Re1 Qxb7 0-1

[Event "Live Chess"]
[Site "Chess.com"]
[Date "2024.06.01"]
[Round "-"]
[White "Trendle"]
[Black "Duke_of_Bebington"]
[Result "1-0"]
[WhiteElo "2621"]
[BlackElo "1609"]
[TimeControl "300"]
[EndTime "11:42:31 PDT"]
[Termination "Trendle won by resignation"]

1. f4 e5 2. fxe5 d6 3. exd6 Bxd6 4. Nf3 Bg4 5. e3 Nf6 6. d4 O-O 7. Nc3 Nc6 8. Bb5 Nb4 9. O-O c6 10. Bc4 Nbd5 11. h3 Bh5 12. Qd3 Bg6 13. Qe2 Nxc3 14. bxc3 Ne4 15. Qe1 Bg3 16. Qd1 Nxc3 17. Qd2 Ne4 18.
Qb4 Qb6 19. Ba3 Rfe8 20. Rab1 Qxb4 21. Bxb4 a5 22. Be1 Bxe1 23. Rbxe1 b5 24. Bd3 Nc3 25. Bxg6 hxg6 26. Ne5 Rac8 27. Nxf7 Nxa2 28. Nd6 Nb4 29. c3 Nd3 30. Ra1 a4 31. Ra2 Rcd8 32. Nxe8 Rxe8 33. Rf3 Nc1 34. Ra3 Nb3 35. Kf2 Nd2 36. Ke2 Nc4 37. Ra2 a3 38. Kd3 Nb2+ 39. Kc2 Nc4 40. Kb3 Nd2+ 41. Rxd2 1-0

[Event "Live Chess"]
[Site "Chess.com"]
[Date "2024.06.01"]
[Round "-"]
[White "viktorskliarov"]
[Black "mrsmarple1968"]
[Result "1-0"]
[WhiteElo "2646"]
[BlackElo "1785"]
[TimeControl "300"]
[EndTime "11:42:48 PDT"]
[Termination "viktorskliarov won by resignation"]

1. e4 e5 2. Nc3 Nf6 3. Bc4 Be7 4.
d3 d6 5. h3 O-O 6. Nge2 c6 7.
Ng3 d5 8. Bb3 h6 9. O-O Be6 10.
Qf3 d4 11. Nce2 Bxb3 12. axb3 Ne8 13. Nf5 Bg5 14. Qg3 g6 15. Nxh6+ Bxh6 16. Bxh6 Ng7 17.
Qxe5 f6 18. Qxd4 Qe7 19. Rxa7 Rxa7 20. Qxa7 Qc7 21. Bf4 Qc8 22. Bxb8 Qxb8 23. Qxb8 Rxb8 24. Ra1 Ne6 25. f4 c5 26. Kf2 Kf7 27. Ke3 Ke7 28. d4 cxd4+ 29. Nxd4 Nc5 30. Ra5 b6 31. Rxc5 bxc5 32.
Nc6+ 1-0

[Event "Live Chess"]
[Site "Chess.com"]
[Date "2024.06.01"]
[Round "-"]
[White "Grace6363"]
[Black "Queensandpawns"]
[Result "0-1"]
[WhiteElo "1151"]
[BlackElo "2434"]
[TimeControl "300"]
[EndTime "11:42:52 PDT"]
[Termination "Queensandpawns won by resignation"]

1. d4 e5 2. dxe5 Bc5 3. Nf3 d6 4. e3 Ne7 5. Bc4 Nbc6 6. exd6 cxd6 7. Qe2 O-O 8. O-O Be6 9. Bxe6 fxe6 10. Nc3 Qe8 11.
Ne4 Qh5 12. Nxc5 dxc5 13. Bd2 Ne5 14. Rae1 Rxf3 15. gxf3 Nxf3+ 16. Kg2 Qg4+ 17. Kh1 Qh3 18. Qxf3 Qxf3+ 19. Kg1 Nf5 20. Bc3 Nh4 0-1

[Event "Live Chess"]
[Site "Chess.com"]
[Date "2024.06.01"]
[Round "-"]
[White "Kyrylo7770"]
[Black "AnotherOneBadPlayer"]
[Result "0-1"]
[WhiteElo "1681"]
[BlackElo "2200"]
[TimeControl "300"]
[EndTime "11:43:12 PDT"]
[Termination "AnotherOneBadPlayer won by checkmate"]

1. d4 Nf6 2. Nf3 g6 3. Bg5 Bg7 4. h4 d6 5. e3 Bg4 6. Be2 O-O 7. Bxf6 Bxf6 8. h5 Bxh5 9. Nfd2 Bxe2 10. Qxe2 Bg7 11.
Qg4 Nd7 12. Nf3 c5 13. c3 e5 14. dxe5 dxe5 15. Nbd2 Nf6 16. Qc4 Qe7 17. O-O-O b5 18. Qxb5 Rfb8 19. Qc4 a5 20. Ng5 a4 21. a3 Rb7 22. Qh4 h6 23. Nge4 Ra6 24. Nxf6+ Bxf6 25. Qxh6 Bg7 26. Qh7+ Kf8 27. Qh3 f5 28. Nc4 Qe6 29. Qh4 Rb8 30. Rd8+ Rxd8 31. Qxd8+ Kf7 32. Rd1 g5 33. Nd6+ Kg6 34. e4 fxe4 35. Nxe4 Rc6 36. Qxg5+ Kf7 37. Qh5+ Ke7 38. Ng5 Qf5 39. g3 Bh6 40.
Qxh6 Rxh6 41. f4 exf4 42. Re1+ Kd6 43. Rd1+ Kc6 44. c4 fxg3 45. Rd5 Rh1+ 46. Kd2 Qf2+ 47. Kd3 Rd1+ 48. Ke4 Re1+ 49. Kd3 Qe3+ 50. Kc2 Rc1# 0-1

[Event "Live Chess"]
[Site "Chess.com"]
[Date "2024.06.01"]
[Round "-"]
[White "Mof05"]
[Black "booktrunk"]
[Result "0-1"]
[WhiteElo "1034"]
[BlackElo "1371"]
[TimeControl "300"]
[EndTime "11:43:20 PDT"]
[Termination "booktrunk won by checkmate"]

1. d4 b6 2. Bf4 e6 3. e3 Bb7 4.
Nf3 h6 5. Bd3 Nf6 6. h3 Nh5 7.
Bh2 d5 8. c3 Bd6 9. Bxd6 Qxd6 10. Nbd2 O-O 11. Ne5 Nf6 12. Ndf3 Ne4 13. Qc2 f5 14.
O-O-O Nd7 15. Rdg1 Nxe5 16. Nxe5 c5 17. g4 cxd4 18.
exd4 f4 19. h4 a5 20. g5 h5 21. Qe2 Ba6 22. Bxa6 b5 23. Bxb5 Rfb8 24. a4 Rb7 25.
Qxh5 Rab8 26. g6 Nf6 27. Qf3 Rc8 28. h5 Ne4 29. h6 Nxc3 30. bxc3 Qa3+ 31. Kd2 Qb2+ 32.
Kd3 Rxc3# 0-1

[Event "Live Chess"]
[Site "Chess.com"]
[Date "2024.06.01"]
[Round "-"]
[White "chess5013"]
[Black "ACM42"]
[Result "0-1"]
[WhiteElo "1282"]
[BlackElo "2207"]
[TimeControl "300"]
[EndTime "11:43:32 PDT"]
[Termination "ACM42 won by checkmate"]

1. d4 Nf6 2. c4 g6 3. g3 Bg7 4. Nf3 O-O 5. Bg2 d6 6. O-O c5 7. Nc3 Nc6 8. d5 Na5 9. b3 a6 10. Bb2 b5 11. e4 Rb8 12. cxb5 axb5 13. Qd3 c4 14. bxc4 bxc4 15. Qd2 Nxe4 16. Nxe4 Rxb2 17. Qe3 Qb6 18. Qxb6 Rxb6 19. Rac1 Bf5 20. Nc3 Rb2 21. a4 Rfb8 22. Nb5 Rb4 23. Rfe1 Rxa4 24. Nc3 Ra3 25. Ne4 c3 26. Re3 Nb3 27. Rc2 Nc5 28. Nfg5 Rb1+ 29. Bf1 Nxe4 30. Nxe4 Bh3 31. Nd2 cxd2 32.
Rc8+ Bf8 33. Rxe7 Rxf1# 0-1

[Event "Live Chess"]
[Site "Chess.com"]
[Date "2024.06.01"]
[Round "-"]
[White "Colm_Buckley"]
[Black "grandmaster1707"]
[Result "1-0"]
[WhiteElo "1818"]
[BlackElo "1464"]
[TimeControl "300"]
[EndTime "11:43:32 PDT"]
[Termination "Colm_Buckley won by resignation"]

1. d4 Nf6 2. c4 g6 3. Nc3 Bg7 4. e4 d6 5. Nf3 O-O 6. Be2 e5 7. dxe5 dxe5 8. Qc2 Nc6 9. Be3 Bg4 10. O-O Bxf3 11. Bxf3 Nd4 12. Bxd4 exd4 13. Nd5 Nxd5 14. exd5 h5 15. Rad1 h4 16. h3 Qg5 17. Qe4 Rae8 18. Qg4 Qxg4 19. hxg4 f5 20. gxf5 Rxf5 21. b3 h3 22. Rd3 hxg2 23. Kxg2 Rg5+ 24. Kh3 Kf7 25. Bg4 Be5 26. f4 Rxg4 27. fxe5+ 1-0

[Event "Live Chess"]
[Site "Chess.com"]
[Date "2024.06.01"]
[Round "-"]
[White "NeilDruggan73"]
[Black "dhairyapandyauk"]
[Result "1-0"]
[WhiteElo "1718"]
[BlackElo "1629"]
[TimeControl "300"]
[EndTime "11:43:34 PDT"]
[Termination "NeilDruggan73 won by checkmate"]

1. d4 Nf6 2. Bg5 e6 3. e4 h6 4. Bxf6 Qxf6 5. c3 d5 6. e5 Qg6 7.
Nf3 c5 8. Nbd2 Nc6 9. g3 cxd4 10. cxd4 Bb4 11. a3 Ba5 12. Bb5 Bd7 13. O-O Bb6 14.
Nb3 a6 15. Bxc6 bxc6 16. Nc5 Bc8 17. Qa4 O-O 18. Qxc6 Rb8 19. Nd7 Bxd7 20. Qxd7 Qe4 21. Kg2 Bxd4 22. Rfe1 Qg4 23. h3 Qg6 24. Nxd4 Rxb2 25.
Nc6 Qc2 26. Rf1 Qe4+ 27. Kg1 Qf3 28. Rab1 Qxa3 29. Rxb2 Qxb2 30. Ne7+ Kh7 31. Qd6 a5 32. Nc6 Rc8 33. Nxa5 Rc2 34. Nc6 Re2 35. Qe7 Qb6 36.
Nd8 Rxe5 37. Nxf7 Rf5 38. Kg2 d4 39. Nd6 Qc6+ 40. Kg1 Rf6 41. Ne8 Rf5 42. Qxg7# 1-0

[Event "Live Chess"]
[Site "Chess.com"]
[Date "2024.06.01"]
[Round "-"]
[White "Richardallis"]
[Black "NottheBishopSacrifice"]
[Result "0-1"]
[WhiteElo "2032"]
[BlackElo "2303"]
[TimeControl "300"]
[EndTime "11:43:47 PDT"]
[Termination "NottheBishopSacrifice won - game abandoned"]

1. d4 d5 2. Nf3 Nf6 3. Bg5 Ne4 4. Bf4 c5 5. c3 Nc6 6. Nbd2 Nxd2 7. Qxd2 cxd4 8. Nxd4 Nxd4 9. Qxd4 e6 10. e3 Qb6 11.
Qxb6 axb6 12. a3 Be7 13. Bb5+ Bd7 14. Bxd7+ Kxd7 15. O-O Bd6 16. Bxd6 Kxd6 17. Rad1 b5 18. e4 Kc6 19. exd5+ exd5 20. Rfe1 Rhe8 21. Kf1 Re6 22. Re3 Rxe3 23. fxe3 Re8 24. Kf2 Re4 25. Rd4 Rxd4 26.
exd4 Kd6 27. Ke3 Ke6 28. Kf4 h6 29. h4 Kf6 30. Kf3 g5 31. h5 Kf5 32. g4+ Ke6 33. b3 f5 34. Kg3 fxg4 35. Kxg4 Kf6 36. a4 bxa4 37. bxa4 b6 38. Kg3 Kf5 39. Kf3 Ke6 40.
Kg4 Kd6 41. Kf5 Kc6 42. Kg6 g4 43. Kxh6 g3 44. Kg7 g2 45. h6 g1=Q+ 46. Kf6 Qh2 47.
Kg7 Qg3+ 48. Kf6 Qh4+ 49. Kg6 Qg4+ 50. Kf6 Qg8 51. a5 Qh8+ 52. Kg6 bxa5 53. h7 a4 54. Kf7 Qxh7+ 55. Kf6 a3 56. c4 a2 57. Ke5 Qe4+ 58.
Kf6 Qxd4+ 59. Kf5 Qxc4 60. Ke6 a1=Q 61. Kf5 Qe1 62. Kg5 Qcf1 63. Kg4 Qef2 64. Kh5 Q2g2 0-1

[Event "Live Chess"]
[Site "Chess.com"]
[Date "2024.06.01"]
[Round "-"]
[White "matt1979"]
[Black "KeithArkell"]
[Result "0-1"]
[WhiteElo "1374"]
[BlackElo "2496"]
[TimeControl "300"]
[EndTime "11:43:49 PDT"]
[Termination "KeithArkell won by checkmate"]

1. f4 d5 2. e3 Nf6 3. Nf3 Bg4 4.
Be2 Nbd7 5. O-O c6 6. d3 Bxf3 7. Bxf3 e5 8. fxe5 Nxe5 9. Nc3 Bd6 10. b3 Qc7 11. h3 h5 12. Bb2 O-O-O 13. a4 g5 14. Qe1 g4 15. hxg4 Nfxg4 16. Bxg4+ Nxg4 17. Nxd5 cxd5 18. Bxh8 Rxh8 19. Qe2 Bh2+ 20. Kh1 Be5 21. Rae1 Bc3 22. Rd1 Qh2# 0-1

[Event "Live Chess"]
[Site "Chess.com"]
[Date "2024.06.01"]
[Round "-"]
[White "nigelst"]
[Black "Nazar-Makarchuk"]
[Result "1/2-1/2"]
[WhiteElo "1669"]
[BlackElo "1586"]
[TimeControl "300"]
[EndTime "11:43:51 PDT"]
[Termination "Game drawn by agreement"]

1. e4 d5 2. exd5 Qxd5 3. Nc3 Qe6+ 4. Qe2 Qxe2+ 5. Bxe2 Nc6 6. Nf3 Bg4 7. O-O O-O-O 8.
h3 Bxf3 9. Bxf3 Nd4 10. Bd1 Nf6 11. d3 Nd5 12. Nxd5 Rxd5 13. Be3 Nf5 14. Bf3 Rd8 15.
Rfe1 Nxe3 16. fxe3 e6 17. e4 Bc5+ 18. Kh1 f6 19. e5 Bd4 20. exf6 Bxf6 21. Rab1 b6 22.
Rxe6 Rhe8 23. Rbe1 Rxe6 24. Rxe6 Rd6 25. Rxd6 cxd6 26. c3 Kc7 27. Kg1 a5 28. Kf2 a4 29.
a3 b5 30. Ke3 Kb6 31. Ke4 Kc5 32. Be2 d5+ 33. Kf5 d4 34. c4 bxc4 35. dxc4 d3 36.
Bxd3 Bxb2 37. Bc2 Kxc4 38. Bxa4 Bxa3 39. Ke6 Bb2 40. Kf7 h6 41. Kg6 Kd5 42. g4 Ke4 43. g5 hxg5 44. Kxg5 Bf6+ 45. Kg4 Ke3 46. h4 Kf2 47. h5 Ke3 48. Kf5 Ba1 49. Kg6 Kf4 1/2-1/2

[Event "Live Chess"]
[Site "Chess.com"]
[Date "2024.06.01"]
[Round "-"]
[White "GerardATHart"]
[Black "Velocity"]
[Result "0-1"]
[WhiteElo "1423"]
[BlackElo "1705"]
[TimeControl "300"]
[EndTime "11:43:52 PDT"]
[Termination "Velocity won by checkmate"]

1. e4 c5 2. Nc3 g6 3. d4 cxd4 4. Qxd4 Nf6 5. Be3 Bg7 6. O-O-O Nc6 7. Qd2 O-O 8. h4 d6 9. f3 Be6 10. g4 Rc8 11. h5 Nd7 12. hxg6 fxg6 13. Qh2 Kf7 14.
Qg2 Rh8 15. Nh3 Nb4 16. Ng5+ Kf6 17. Nxe6 Kxe6 18. g5 Kf7 19. a3 Bxc3 20. bxc3 Na2+ 21. Kb2 Nxc3 22. Rd4 Qb6+ 23. Kc1 Qb1+ 24. Kd2 Qd1# 0-1

[Event "Live Chess"]
[Site "Chess.com"]
[Date "2024.06.01"]
[Round "-"]
[White "KwikPhoenix"]
[Black "FortunatusMax"]
[Result "1-0"]
[WhiteElo "2433"]
[BlackElo "914"]
[TimeControl "300"]
[EndTime "11:43:56 PDT"]
[Termination "KwikPhoenix won by checkmate"]

1. b3 e5 2. Bb2 Nc6 3. e3 Bd6 4. Na3 Bxa3 5. Bxa3 Nf6 6. Bb2 O-O 7. Nf3 Re8 8. d4 d6 9. Bb5 Bd7 10. Qd2 exd4 11. Bxc6 dxe3 12. fxe3 Bxc6 13. O-O-O Bxf3 14. gxf3 b6 15. Rdg1 Nh5 16. Qc3 f6 17. Qc4+ Kh8 18. Qd5 Rxe3 19. Qxh5 Qe7 20. Bd4 Re2 21. Kb2 c5 22.
Bc3 a5 23. Re1 Rxe1 24. Rxe1 Qd7 25. a4 b5 26. axb5 Qxb5 27. Qf7 Rg8 28. Re7 a4 29. Bxf6 axb3 30. Bxg7+ Rxg7 31. Qxg7# 1-0

[Event "Live Chess"]
[Site "Chess.com"]
[Date "2024.06.01"]
[Round "-"]
[White "JanMur7"]
[Black "StoreySniper"]
[Result "1/2-1/2"]
[WhiteElo "2282"]
[BlackElo "2552"]
[TimeControl "300"]
[EndTime "11:44:05 PDT"]
[Termination "Game drawn by agreement"]

1. h4 h5 2. g3 g6 3. Bg2 Bg7 4.
Nf3 Nf6 5. O-O O-O 6. d4 d5 7. c4 c5 8. cxd5 cxd4 9. Nxd4 Nxd5 10. Nc3 Nxc3 11. bxc3 Qa5 12. Qb3 Nc6 13. Nxc6 bxc6 14. Bxc6 Be6 15. Qa3 Qxc3 16. Bxa8 Qxa1 17. Qxa7 Bd4 18.
Qa3 Qxa2 19. Qxa2 Bxa2 20. Bf3 e5 21. e3 Bc5 22. Bb2 1/2-1/2

[Event "Live Chess"]
[Site "Chess.com"]
[Date "2024.06.01"]
[Round "-"]
[White "WelshTiger"]
[Black "WeakOldFinished"]
[Result "1-0"]
[WhiteElo "2535"]
[BlackElo "2067"]
[TimeControl "300"]
[EndTime "11:44:08 PDT"]
[Termination "WelshTiger won on time"]

1. e4 c6 2. d4 g6 3. h4 h5 4. Bg5 d5 5. Nc3 Bg7 6. Nge2 dxe4 7. Nxe4 Nf6 8. Nxf6+ exf6 9. Be3 O-O 10. Qd2 Re8 11. O-O-O Na6 12. a3 Nc7 13. c4 b5 14. Nc3 bxc4 15.
Bxc4 Nd5 16. Nxd5 cxd5 17. Bd3 Qb6 18. Kb1 Ba6 19. Rc1 Bxd3+ 20. Qxd3 Rab8 21. Rc2 f5 22. g3 Re4 23. Rd1 Rbe8 24. Qc3 f4 25. gxf4 Qf6 26. Qc6 Qf5 27. Ka1 R4e6 28. Qc5 a6 29. Rc3 Bf6 30. Rh1 Qe4 31. Rh2 Qf3 32. Rc1 Re4 33. Rch1 Qe2 34. Rh3 Qd3 35. f5 Bxd4 36.
Bxd4 Qxd4 37. Qxd4 Rxd4 38. fxg6 fxg6 39. Rg3 Re6 40. Rc3 Kf7 41. Rg3 Rd2 42. Rg5 d4 43. Rd5 Ree2 44. Rb1 Rxf2 45. Rd6 a5 46. Rd5 a4 47.
Ra5 d3 48. Rxa4 Rc2 49. Rd4 d2 50. Ka2 Re2 51. a4 Kf6 52. Kb3 Ke5 53. Rd8 Rc6 54. Re8+ Re6 55. Rxe6+ Kxe6 56. Rd1 Kd5 57. Kc3 Re3+ 58.
Kxd2 Re4 59. b3 Rxh4 60. Kc3+ Kc5 61. Rg1 Rh3+ 62. Kb2 Kb4 63. Rxg6 Rxb3+ 64. Kc2 Rh3 65. Ra6 Ra3 66. Kd2 Rxa4 67. Rh6 Kb3 68. Rxh5 Ra2+ 69. Kd3 Ra8 70. Rh8 Rd8+ 71. Rxd8 1-0

[Event "Live Chess"]
[Site "Chess.com"]
[Date "2024.06.01"]
[Round "-"]
[White "Crowded_House"]
[Black "Mangoalo"]
[Result "1/2-1/2"]
[WhiteElo "1745"]
[BlackElo "1030"]
[TimeControl "300"]
[EndTime "11:44:08 PDT"]
[Termination "Game drawn by agreement"]

1. d4 Nc6 2. Bg5 d5 3. e3 f6 4. Bh4 Bf5 5. Bd3 Bg6 6. c3 Qd7 7. Qc2 O-O-O 8. Bxg6 hxg6 9. Bg3 g5 10. Nf3 Re8 11. Nbd2 e5 12. dxe5 Nxe5 13. Nxe5 fxe5 14.
O-O-O Bd6 15. Nb3 e4 16. Bxd6 Qxd6 17. Qe2 Nf6 18. Qb5 c6 19. Qa5 Kb8 20. Qc5 Qc7 21. Rd4 1/2-1/2

[Event "Live Chess"]
[Site "Chess.com"]
[Date "2024.06.01"]
[Round "-"]
[White "Stanbad1"]
[Black "Golden_Plans"]
[Result "1-0"]
[WhiteElo "2691"]
[BlackElo "2237"]
[TimeControl "300"]
[EndTime "11:44:12 PDT"]
[Termination "Stanbad1 won by checkmate"]

1. d4 Nf6 2. Nc3 d5 3. Bg5 e6 4. e4 dxe4 5. Nxe4 Be7 6. Bxf6 Bxf6 7. Nf3 Nd7 8. c3 Be7 9. Bd3 Nf6 10. Neg5 h6 11.
Ne4 Bd7 12. Ne5 Nxe4 13. Bxe4 c6 14. Qh5 O-O 15. O-O Be8 16. Qh3 f5 17. Bc2 Bf6 18.
Rfe1 Qc7 19. Bb3 Qd6 20. Qxf5 Bxe5 21. Qxe6+ Bf7 22. Qxe5 Qxe5 23. Rxe5 Bxb3 24. axb3 a6 25. f3 Rae8 26. Rae1 Rxe5 27. Rxe5 Rf7 28. Re8+ Kh7 29.
Kf2 Kg6 30. Re6+ Rf6 31. Rxf6+ Kxf6 32. Ke3 Ke6 33. Ke4 Kd6 34. Kf5 Kd5 35. Kg6 b5 36. Kxg7 a5 37. Kg6 a4 38. bxa4 bxa4 39. f4 Kc4 40. f5 Kb3 41. f6 Kxb2 42. f7 a3 43.
f8=Q a2 44. Qb4+ Ka1 45. Kxh6 c5 46. Qb3 c4 47. Qxc4 Kb2 48. Qxa2+ Kxa2 49. d5 Kb3 50. d6 Kc4 51. d7 Kd5 52. d8=Q+ Ke4 53. c4 Ke3 54. c5 Kf2 55. c6 Kg1 56. c7 Kh1 57. c8=Q Kg1 58. g4 Kh1 59. g5 Kg1 60. g6 Kh1 61. g7 Kg1 62. g8=N Kh1 63. h4 Kg1 64. h5 Kh1 65. Kg6 Kg1 66. h6 Kh1 67. h7 Kg1 68.
h8=R Kg2 69. Qd2+ Kg1 70. Qcc1# 1-0

[Event "Live Chess"]
[Site "Chess.com"]
[Date "2024.06.01"]
[Round "-"]
[White "koekoekoe"]
[Black "educatedlad"]
[Result "1-0"]
[WhiteElo "2079"]
[BlackElo "1759"]
[TimeControl "300"]
[EndTime "11:44:43 PDT"]
[Termination "koekoekoe won by resignation"]

1. d4 Nf6 2. Bf4 g6 3. e3 Bg7 4. Nf3 O-O 5. c4 c5 6. Nc3 cxd4 7.
exd4 d6 8. Bd3 Nc6 9. O-O Qb6 10. d5 Nb4 11. b3 Nxd3 12. Qxd3 Bf5 13. Qd2 Ne4 14. Nxe4 Bxa1 15. Ng3 Bg7 16. Nxf5 gxf5 17. Bh6 e6 18. Bxg7 Kxg7 19. Qg5+ Kh8 20. Qf6+ Kg8 21. Ng5 Qd8 22. Qh6 Re8 23. Qxh7+ 1-0

[Event "Live Chess"]
[Site "Chess.com"]
[Date "2024.06.01"]
[Round "-"]
[White "KeithArkell"]
[Black "Colm_Buckley"]
[Result "1-0"]
[WhiteElo "2496"]
[BlackElo "1818"]
[TimeControl "300"]
[EndTime "11:45:04 PDT"]
[Termination "KeithArkell won by resignation"]

1. d4 e6 2. Nf3 Nf6 3. Bg5 h6 4. Bxf6 Qxf6 5. e4 c5 6. e5 Qd8 7. d5 d6 8. Nc3 dxe5 9. Bb5+ Bd7 10.
dxe6 fxe6 11. Nxe5 Nc6 12. Qh5+ 1-0